 Dungeon Crawl Stone Soup version 0.28-a0-1555-g9ae15a6949 (webtiles) character file.

Game seed: 17254723518108851451

63 Anon1729 the Skirmisher (level 3, -3/34 HPs)
             Began as a Minotaur Monk on Jan 18, 2022.
             Was a Priest of Qazlal.
             Slain by an orc (7 damage)
             ... on level 2 of the Dungeon.
             The game lasted 00:02:19 (1263 turns).

Anon1729 the Skirmisher (Minotaur Monk)             Turns: 1263, Time: 00:02:19

Health: -3/34      AC:  2    Str: 17    XL:     3   Next: 87%
Magic:  2/2        EV: 13    Int:  7    God:    Qazlal [***...]
Gold:   45         SH:  4    Dex: 12    Spells: 2/2 levels left

rFire   . . .      SeeInvis .   a - +0 falchion
rCold   . . .      Faith    .   (no shield)
rNeg    . . .      Spirit   .   b - +0 robe
rPois   .          Reflect  .   (helmet restricted)
rElec   .          Harm     .   (no cloak)
rCorr   .          Rampage  .   (no gloves)
Will    .....                   (no boots)
Stlth   ++........              (no amulet)
HPRegen 0.11/turn               (no ring)
MPRegen 0.08/turn               (no ring)

@: no status effects
A: horns 2, retaliatory headbutt
a: Renounce Religion, Upheaval, Elemental Force


You were on level 2 of the Dungeon.
You worshipped Qazlal.
Qazlal was most pleased with you.
You visited 1 branch of the dungeon, and saw 4 of its levels.

You collected 45 gold pieces.

Inventory:

Hand Weapons
 a - a +0 falchion (weapon)
Armour
 b - a +0 robe (worn)
Scrolls
 c - a scroll of teleportation {unknown}
 d - a scroll of immolation {unknown}
 f - a scroll of identify {unknown}
 h - a scroll of brand weapon {unknown}
 i - a scroll of holy word {unknown}
Potions
 e - a potion of brilliance {unknown}
 g - a potion of curing {unknown}
 j - a potion of mutation {unknown}


   Skills:
 + Level 4.4 Fighting
 - Level 3.8 Long Blades
 + Level 4.0 Dodging
 + Level 2.5 Stealth


You had 2 spell levels left.
You didn't know any spells.
Your spell library was empty.

Dungeon Overview and Level Annotations

Branches:
Dungeon (4/15)
 Temple: D:4-7

Altars:
Qazlal

Annotations:
D:4 Natasha, Sigmund


Innate Abilities, Weirdness & Mutations

You have a pair of horns on your head.
You reflexively headbutt those who attack you in melee.


Message History

No target in view!
No target in view!
No target in view!
No target in view!
No target in view!
No target in view!
No target in view!
You feel sick.
You feel sick.
You feel sick.
You feel sick.
You feel sick.
You are no longer poisoned.
You hear a shout!
Things that are here:
a +0 dagger of venom; 20 bolts An orc and an orc priest come into view.
The orc shouts!
The orc priest shouts!
There are monsters nearby!
An orc wizard comes into view. It is wielding a +0 dagger.
The orc wizard shouts!
The orc priest calls down the wrath of Beogh upon you.
Beogh smites you! The orc hits you with a +0 flail!
You are too injured to fight recklessly!
You are too injured to fight recklessly!
You are too injured to fight recklessly!
You are too injured to fight recklessly!
You are too injured to fight recklessly!
The orc priest mumbles some strange prayers to Beogh against you.
Beogh smites you!
* * * LOW HITPOINT WARNING * * *
There is a stone staircase leading up here.
The orc hits you but does no damage.
You climb upwards.
You hear a shout!
There is a stone staircase leading down here.
You hear a shout!
The orc hits you with a +0 flail!
You die...

...........#
..#......).# #.#
..#........# #.#
..#........# #.#
..#........# #.#
..#........# #.#
......###### #.#
..##### #.#
..###########.##@#
..)............o>#
#..###.........###
#...# ......
#.#.## .....
#.#..# ####.
#.##.## # #.##..#
#.[...#######


You could see an orc.

Vanquished Creatures
  A hound (D:4)
  A worm (D:2)
  A dart slug (D:2)
  2 giant cockroaches
  5 goblins
  A hobgoblin (D:4)
  4 kobolds
  7 ball pythons
  3 bats (D:1)
  2 frilled lizards (D:1)
  4 rats
31 creatures vanquished.

Notes
Turn   | Place    | Note
-------+----------+-------------------------------------------
     0 | D:1      | Anon1729 the Minotaur Monk began the quest for the Orb.
     0 | D:1      | Reached XP level 1. HP: 19/19 MP: 0/0
   223 | D:1      | Reached XP level 2. HP: 18/27 MP: 1/1
   382 | D:1      | Found a faded altar of an unknown god.
   392 | D:1      | Prayed at the altar of an unknown god.
   392 | D:1      | Became a worshipper of Qazlal Stormbringer
   392 | D:1      | Reached * piety under Qazlal
   392 | D:1      | Reached ** piety under Qazlal
   739 | D:2      | Reached *** piety under Qazlal
   890 | D:2      | You fall into a shaft and drop 2 floors!
   895 | D:4      | Reached XP level 3. HP: 27/34 MP: 2/2
   969 | D:4      | Noticed Sigmund
   973 | D:4      | Noticed Natasha
  1263 | D:2      | Slain by an orc

Illustrated notes

Levels and vault maps discovered:
D:1:      giann_wishing_wells, layout_loops_ring,
          dreamdust_ecumenical_altar_statues
D:2:      layout_basic
D:3:      minmay_roachtagon, layout_basic
D:4:      layout_rooms, marbit_many_paths, minmay_temple_entry_glassed_door,
          uniq_natasha, uniq_sigmund, uniq_blork_the_orc

Skill      XL: |  1  2  3 |
---------------+----------+-----
Stealth        | 2 |  2.5
Fighting       | 4 |  4.4
Dodging        | 4 |  4.0
Long Blades    | |  3.8

Action                   || total
-------------------------++-------
Melee: Falchion          ||    62
       Headbutt          ||     4
       Punch             ||     2
 Stab: Sleeping          ||     3
Armor: Robe              ||    12
Dodge: Dodged            ||    43
Block: Other             ||     5

Table legend: (Time is in decaauts)
 A = Elapsed time spent in this place.
 B = Non-inter-level travel time spent in this place.
 C = Inter-level travel time spent in this place.
 D = Time resting spent in this place.
 E = Time spent auto-exploring this place.
 F = Levels seen in this place.
 G = Mean time per level.
                   A        B        C        D        E       F      G
               +--------+--------+--------+--------+--------+-----+--------+
         Total |   1269 |   1263 |      6 |      0 |   1058 |   4 |  317.2 |
       Dungeon |   1269 |   1263 |      6 |      0 |   1058 |   4 |  317.2 |
               +--------+--------+--------+--------+--------+-----+--------+

Top non-repeatable levels by time:
     D:1: 737 daAuts
     D:3: 285 daAuts
     D:2: 159 daAuts
     D:4: 88 daAuts
